 Dungeon Crawl Stone Soup version 0.22-a0-377-g846bec1a06 (webtiles) character file.

273 D1HalberdGnoll the Firebug (level 6, -3/34 HPs)
             Began as a Deep Elf Fire Elementalist on Apr 27, 2018.
             Was an Initiate of Sif Muna.
             Slain by a worker ant (4 damage)
             ... on level 3 of the Dungeon.
             The game lasted 00:06:42 (4542 turns).

D1HalberdGnoll the Firebug (DEFE)                   Turns: 4542, Time: 00:06:42

Health: -3/34      AC:  4    Str:  1 (3)  XL:     6   Next: 3%
Magic:  6/14       EV: 14    Int: 18 (21) God:    Sif Muna [......]
Gold:   129        SH:  0    Dex: 15 (16) Spells: 5/13 levels left

rFire    . . .     SeeInvis .   i - +0 hunting sling
rCold    . . .     Gourm    .   (no shield)
rNeg     . . .     Faith    .   a - +0 robe
rPois    .         Spirit   .   k - +1 hat
rElec    .         Reflect  .   (no cloak)
rCorr    .         Harm     .   (no gloves)
MR       .....                  (no boots)
Stlth    ++........             (no amulet)
HPRegen  0.11/turn              (no ring)
MPRegen  0.14/turn              (no ring)

@: lethally poisoned (-3 -> -23), very slightly contaminated
A: blink, shaggy fur 1, weak 1
a: Blink, Renounce Religion


You were on level 3 of the Dungeon.
You worshipped Sif Muna.
Sif Muna was noncommittal.
You were hungry.

You visited 1 branch of the dungeon, and saw 4 of its levels.

You collected 129 gold pieces.

Inventory:

Hand Weapons
 g - a +2 dagger of speed
 i - a +0 hunting sling (weapon)
 n - a +0 dagger
Missiles
 l - 36 stones (quivered)
Armour
 a - a +0 robe (worn)
 b - a +1 ring mail of poison resistance
 k - a +1 hat (worn)
Scrolls
 d - a scroll of random uselessness {unknown}
 e - a scroll of noise {unknown}
 f - a scroll of remove curse {unknown}
 h - 4 scrolls of identify {unknown}
 j - 2 scrolls of teleportation
Comestibles
 c - 5 rations


   Skills:
 + Level 1.6 Fighting
 + Level 3.8 Dodging
 - Level 2.4 Stealth
 + Level 4.3 Spellcasting
 + Level 2.8 Conjurations
 * Level 5.1 Fire Magic


You had 5 spell levels left.
You knew the following spells:

 Your Spells              Type           Power        Failure   Level  Hunger
a - Flame Tongue          Conj/Fire      ###..        2%          1    None
b - Conjure Flame         Conj/Fire      ###.....     9%          3    ###....
c - Sticky Flame          Conj/Fire      ###.....     28%         4    ####...


Dungeon Overview and Level Annotations

Branches:
Dungeon (4/15)
 Temple: D:4-7

Altars:
Hepliaklqana
Ru
Sif Muna
Xom


Innate Abilities, Weirdness & Mutations

You can translocate small distances at will.
You are covered in fur. (AC +1)
You are weak. (Str -2)


Message History

* * * LOW HITPOINT WARNING * * *
You are more poisoned.
The worker ant poisons you!
It was a potion of degeneration.
There was something very wrong with that liquid.
You feel weakened.
You feel dopey.
You feel clumsy.
* * * LOW HITPOINT WARNING * * *
You feel sick. The worker ant misses you.
Okay, then.
Casting: Flame Tongue (safe; 2% risk of failure)
Confirm with . or Enter, or press ? or * to list all spells.
Aiming: Flame Tongue (safe; 2% risk of failure)
Press: ? - help, Shift-Dir - straight line, f/p - worker ant
Aim: a worker ant (almost dead)
You miscast Flame Tongue.
You are very lightly contaminated with residual magic.
Sparks fly from your hands!
* * * LOW HITPOINT WARNING * * *
You feel sick. The worker ant bites you.
You die...

#.........#.#
#.........#.###
#.........+...#
#.........#.#.#
#.........+.#.#
#.........#.#.#
####...........#.#
#..............#.#
#@####....###..#.#
#a# #....# ##>..#
#.# #....####.###
... #....'....# ...
#....###### ..(..
#..###...# .._..
#..# #.#+####
.......#[.###.......
##...##.......


You could see a worker ant.

Vanquished Creatures
  2 orc wizards
  Ijyb (D:2)
  A worker ant (D:2)
  4 gnolls
  2 adders (D:2)
  2 oozes (D:2)
  A dart slug (D:2)
  3 leopard geckos
  3 orcs (D:2)
  A ball python (D:3)
  4 bats
  3 giant cockroaches
  7 hobgoblins
  19 jackals
  9 kobolds
  A quokka (D:3)
  6 frilled lizards
  15 goblins
  6 rats
90 creatures vanquished.

Notes
Turn   | Place    | Note
-------+----------+-------------------------------------------
     0 | D:1      | D1HalberdGnoll the Deep Elf Fire Elementalist began the quest for the Orb.
     0 | D:1      | Reached XP level 1. HP: 10/10 MP: 6/6
   197 | D:1      | Reached XP level 2. HP: 14/15 MP: 4/8
   849 | D:1      | Reached XP level 3. HP: 20/20 MP: 4/9
  1396 | D:2      | Reached skill level 4 in Fire Magic
  1505 | D:2      | Reached skill level 1 in Fighting
  1507 | D:2      | Found a deep blue altar of Sif Muna.
  1513 | D:2      | Became a worshipper of Sif Muna the Loreminder
  1539 | D:2      | Reached XP level 4. HP: 25/25 MP: 3/11
  2294 | D:2      | Reached XP level 5. HP: 24/29 MP: 5/12
  2385 | D:2      | Learned a level 3 spell: Conjure Flame
  2402 | D:2      | Learned a level 4 spell: Sticky Flame
  2680 | D:2      | Found a hazy altar of Hepliaklqana.
  2891 | D:2      | Noticed Ijyb
  2920 | D:2      | Gained mutation: You are covered in fur. (AC +1) [potion of mutation]
  2920 | D:2      | Gained mutation: You are weak. (Str -2) [potion of mutation]
  2920 | D:2      | Gained mutation: You can translocate small distances at will. [potion of mutation]
  3041 | D:2      | Killed Ijyb
  3272 | D:2      | Reached skill level 5 in Fire Magic
  4115 | D:3      | Reached XP level 6. HP: 23/34 MP: 1/14
  4246 | D:3      | Found a sacrificial altar of Ru.
  4303 | D:3      | You fall through a shaft!
  4386 | D:4      | Noticed a slave
  4392 | D:4      | Noticed a slave
  4530 | D:3      | Found a shimmering altar of Xom.
  4542 | D:3      | HP: 1/34 [poisoned by a worker ant]
  4542 | D:3      | Slain by a worker ant

Vault maps used:
D:1:      dpeg_arrival_houses_and_road
D:2:      kennysheep_the_goblin_king, overflow_temple_1_default,
          serial_bayou_pond_b, led_sif_pool
D:3:      lemuel_coloured_pillars_altar, lemuel_round_altar
D:4:      nicolae_qazlal_general_emergency, hex_large, uniq_pikel, uniq_natasha

Skill      XL: |  1  2  3  4  5 |
---------------+----------------+-----
Dodging        | 3 |  3.8
Fire Magic     | 4 5 |  5.1
Fighting       | 1 |  1.6
Conjurations   | 2 |  2.8
Spellcasting   | 4 |  4.3
Stealth        | |  2.4

Action                   |  1- 3 |  4- 6 || total
-------------------------+-------+-------++-------
Melee: Unarmed           |     1 |       ||     1
       Short sword       |     5 |     1 ||     6
       Dagger            |       |    15 ||    15
 Fire: Hunting sling     |       |    42 ||    42
 Cast: Flame Tongue      |    67 |   128 ||   195
       Conjure Flame     |       |     3 ||     3
  Use: Potion            |       |     5 ||     5
       Scroll            |       |     1 ||     1
  Eat: Chunk             |     2 |     8 ||    10
Armor: Robe              |     2 |    36 ||    38
Dodge: Dodged            |    36 |   134 ||   170

Table legend:
 A = Spawn XP
 B = Non-spawn XP
 C = Spawn XP percentage of total XP
 D = Spawn monster count
 E = Non-spawn monster count
 F = Spawn count percentage of total count
 G = Total turns spent on level
                    A         B        C        D         E        F      G
               +---------+---------+-------+---------+---------+-------+---------
         Total |       0 |     391 |   0.0 |       0 |      90 |   0.0 |  4542
               +---------+---------+-------+---------+---------+-------+---------
           D:1 |       0 |     103 |   0.0 |       0 |      31 |   0.0 |  1970
           D:2 |       0 |     231 |   0.0 |       0 |      48 |   0.0 |  1935
           D:3 |       0 |      57 |   0.0 |       0 |      11 |   0.0 |   513
               +---------+---------+-------+---------+---------+-------+---------
